 Dungeon Crawl Stone Soup version 0.28-a0-1212-gc6b4282bc0 (webtiles) character file.

Game seed: 17194496539454234983

336 Htamos the Magician (level 6, -4/32 HPs)
             Began as a Deep Elf Conjurer on Dec 21, 2021.
             Succumbed to a water moccasin's poison
             ... on level 5 of the Dungeon.
             The game lasted 00:06:31 (3788 turns).

Htamos the Magician (Deep Elf Conjurer)             Turns: 3788, Time: 00:06:31

Health: -4/32      AC:  2    Str:  4    XL:     6   Next: 28%
Magic:  12/18      EV: 12    Int: 25    God:
Gold:   131        SH:  0    Dex: 13    Spells: 10/19 levels left

rFire   . . .      SeeInvis .   q - +2 war axe (elec)
rCold   . . .      Faith    .   (no shield)
rNeg    . . .      Spirit   .   (no armour)
rPois   .          Reflect  .   o - +0 helmet
rElec   .          Harm     .   s - +0 cloak
rCorr   .          Rampage  .   (no gloves)
Will    .....                   (no boots)
Stlth   ++........              (no amulet)
HPRegen 0.10/turn               (no ring)
MPRegen 0.16/turn               (no ring)

@: lethally poisoned (-4 -> -30), attractive, invisible
A: no striking features
a: no special abilities


You were on level 5 of the Dungeon.
You visited 1 branch of the dungeon, and saw 5 of its levels.

You collected 131 gold pieces.

Inventory:

Hand Weapons
 c - a +0 dagger
 m - a +0 falchion
 n - a +1 dagger of venom
 q - a +2 war axe of electrocution (weapon)
 w - a +3 hand axe
Missiles
 r - 3 javelins
Armour
 a - a +0 robe
 h - a +0 chain mail
 j - a +0 leather armour
 o - a +0 helmet (worn)
 p - a +0 ring mail
 s - a +0 cloak (worn)
Jewellery
 b - a +6 ring of dexterity
 f - a +6 ring of dexterity
Wands
 u - a wand of flame (20)
Scrolls
 d - a scroll of magic mapping {unknown}
 i - 4 scrolls of identify {unknown}
 k - a scroll of fear {unknown}
 l - a scroll of amnesia {unknown}
 v - a scroll of holy word {unknown}
 x - a scroll of teleportation {unknown}
Potions
 e - a potion of heal wounds {unknown}


   Skills:
 - Level 2.4 Dodging
 - Level 2.4 Stealth
 * Level 7.4 Spellcasting
 + Level 5.9 Conjurations
 + Level 1.0 Evocations


You had 10 spell levels left.
You knew the following spells:

 Your Spells              Type           Power      Damage    Failure   Level
a - Magic Dart            Conj           100%       1d8       1%          1
b - Fulminant Prism       Conj/Hex       12%        3d9       19%         4
c - Iskenderun's Mystic   Conj/Tloc      24%        2d7       19%         4

Your spell library contained the following spells:

 Spells                   Type           Power      Damage    Failure   Level
 Searing Ray              Conj           76%        2d7       1%          2
 Dazzling Flash           Conj/Hex       48%        N/A       6%          3


Dungeon Overview and Level Annotations

Branches:
Dungeon (5/15)
 Temple: D:4-7

Altars:
The Shining One

Annotations:
D:3 2 runed translucent doors, Grinder, Sigmund
D:4 Menkaure


Message History

You are poisoned.
The water moccasin poisons you!
Okay, then.
Okay, then.
Casting: Magic Dart (safe; 1% risk of failure)
Confirm with . or Enter, or press ? or * to list all spells.
Aiming: Magic Dart (safe; 1% risk of failure)
Press: ? - help, Shift-Dir - straight line, f/p - water moccasin
Aim: a water moccasin (moderately wounded, 100% to hit)
The magic dart hits the water moccasin.
The water moccasin is heavily wounded.
You feel very sick. The water moccasin bites you. The water moccasin bites you!
* * * LOW HITPOINT WARNING * * *
You are lethally poisoned!
The water moccasin poisons you!
Casting: Magic Dart (safe; 1% risk of failure)
Confirm with . or Enter, or press ? or * to list all spells.
Aiming: Magic Dart (safe; 1% risk of failure)
Press: ? - help, Shift-Dir - straight line, f/p - water moccasin
Aim: a water moccasin (heavily wounded, 100% to hit)
The magic dart hits the water moccasin.
The water moccasin is severely wounded.
* * * LOW HITPOINT WARNING * * *
You feel very sick. The water moccasin bites you.
* * * LOW HITPOINT WARNING * * *
Unknown command.
Unknown command.
It was a potion of attraction.
You feel attractive to monsters.
* * * LOW HITPOINT WARNING * * *
You feel very sick. The water moccasin bites you.
* * * LOW HITPOINT WARNING * * *
You are more poisoned.
The water moccasin poisons you!
It was a potion of invisibility.
You fade into invisibility!
You die...

#.#..# #. #.#... #.
#..... # #. ####.# #.#.
#.# . #.#. #.# ....
...#...## #.# ....
......S.##############.#
....
.......@...............#
....
#.......################
...> ######### ...# ...#
...# ...# ...#


You could see a water moccasin.

Vanquished Creatures
  An orc priest (D:4)
  A hound (D:4)
  Jessica (D:3)
  An orc wizard (D:4)
  An iguana (D:4)
  Robin (D:3)
  A howler monkey skeleton (D:4)
  3 gnolls (D:3)
  4 adders
  An ufetubus (D:4)
  3 worms
  A dart slug (D:1)
  9 orcs
  8 ball pythons
  6 endoplasms
  A giant cockroach (D:3)
  14 goblins
  13 hobgoblins
  6 quokkas
  2 bats
  2 frilled lizards
  3 kobolds (D:2)
  7 rats
90 creatures vanquished.

Vanquished Creatures (others)
  9 plants (D:4)
9 creatures vanquished.

Grand Total: 99 creatures vanquished

Notes
Turn   | Place    | Note
-------+----------+-------------------------------------------
     0 | D:1      | Htamos the Deep Elf Conjurer began the quest for the Orb.
     0 | D:1      | Reached XP level 1. HP: 10/10 MP: 6/6
   218 | D:1      | Reached XP level 2. HP: 15/15 MP: 4/8
   565 | D:1      | Reached skill level 4 in Spellcasting
  1100 | D:2      | Reached XP level 3. HP: 19/19 MP: 7/10
  1677 | D:2      | Found a faded altar of an unknown god.
  1806 | D:2      | Reached skill level 5 in Spellcasting
  1806 | D:2      | Reached skill level 5 in Conjurations
  1983 | D:3      | Reached XP level 4. HP: 24/24 MP: 5/13
  2125 | D:3      | Noticed Grinder
  2131 | D:3      | Found a large runed translucent door.
  2132 | D:3      | Found a large runed translucent door.
  2147 | D:3      | Noticed Robin
  2169 | D:3      | Killed Robin
  2327 | D:3      | Learned a level 4 spell: Fulminant Prism
  2332 | D:3      | Learned a level 4 spell: Iskenderun's Mystic Blast
  2436 | D:3      | Found a glowing golden altar of the Shining One.
  2439 | D:3      | Noticed Jessica
  2449 | D:3      | Killed Jessica
  2450 | D:3      | Reached skill level 6 in Spellcasting
  2450 | D:3      | Reached XP level 5. HP: 28/28 MP: 7/15
  2755 | D:3      | Noticed Sigmund
  3342 | D:4      | Reached skill level 7 in Spellcasting
  3414 | D:4      | Reached XP level 6. HP: 32/32 MP: 13/18
  3648 | D:4      | Noticed Menkaure
  3705 | D:5      | Entered Level 5 of the Dungeon
  3713 | D:4      | Reached skill level 1 in Evocations
  3779 | D:5      | Noticed a water moccasin
  3788 | D:5      | Succumbed to a water moccasin's poison

Illustrated notes

Levels and vault maps discovered:
D:1:      dpeg_arrival_short_road, layout_loops_ring
D:2:      layout_basic, hellmonk_ecumenical_altar_inner_sanctum
D:3:      layout_basic, lemuel_tele_altar, jmf_multi_god_temple2, uniq_jessica,
          uniq_ijyb, uniq_robin, uniq_sigmund, uniq_grinder
D:4:      layout_loops_ring, minmay_misc_feat_roman, serial_bayou_pond_c,
          kennysheep_pointless_box, uniq_menkaure
D:5:      layout_basic, lemuel_crystal_altar, mainiacjoe_overflow_paths,
          st_stairs_12, nicolae_concentric_dashed_squares_mild

Skill      XL: |  1  2  3  4  5  6 |
---------------+-------------------+-----
Spellcasting   | 4 5 6 7 |  7.4
Conjurations   | 5 |  5.9
Evocations     | 1 |  1.0
Dodging        | |  2.4
Stealth        | |  2.4

Action                   |  1- 3 |  4- 6 || total
-------------------------+-------+-------++-------
Melee: War axe           |       |     2 ||     2
 Cast: Magic Dart        |    89 |   139 ||   228
  Use: Potion            |       |     2 ||     2
Armor: Robe              |     1 |       ||     1
       Skin              |       |     8 ||     8
Dodge: Dodged            |     2 |    17 ||    19

Table legend: (Time is in decaauts)
 A = Elapsed time spent in this place.
 B = Non-inter-level travel time spent in this place.
 C = Inter-level travel time spent in this place.
 D = Time resting spent in this place.
 E = Time spent auto-exploring this place.
 F = Levels seen in this place.
 G = Mean time per level.
                   A        B        C        D        E       F      G
               +--------+--------+--------+--------+--------+-----+--------+
         Total |   3791 |   3721 |     70 |    199 |   2896 |   5 |  758.2 |
       Dungeon |   3791 |   3721 |     70 |    199 |   2896 |   5 |  758.2 |
               +--------+--------+--------+--------+--------+-----+--------+

Top non-repeatable levels by time:
     D:1: 1014 daAuts
     D:4: 947 daAuts
     D:3: 931 daAuts
     D:2: 832 daAuts
     D:5: 65 daAuts
